 Dungeon Crawl Stone Soup version 0.25.1-9-gc5326a611f (webtiles) character file.

Game seed: 8739160706558822395

352 Gadfly the Ruffian (level 6, 0/51 HPs)
             Began as a Draconian Transmuter on Jan 2, 2021.
             Succumbed to an orc's poison
             ... on level 4 of the Dungeon.
             The game lasted 00:04:48 (2668 turns).

Gadfly the Ruffian (Draconian Transmuter)           Turns: 2668, Time: 00:04:49

Health: 0/51       AC:  6    Str: 15    XL:     6   Next: 34%
Magic:  10/10      EV: 13    Int: 13    God:
Gold:   133        SH:  0    Dex: 11    Spells: 4/10 levels left

rFire    + . .     SeeInvis .     - Unarmed
rCold    . . .     Gourm    .   (no shield)
rNeg     . . .     Faith    .   (armour unavailable)
rPois    .         Spirit   .   (helmet restricted)
rElec    .         Reflect  .   (no cloak)
rCorr    .         Harm     .   (no gloves)
MR       .....                  (no boots)
Stlth    +.........             (no amulet)
HPRegen  0.17/turn              e - ring of protection from fire
MPRegen  0.12/turn              (no ring)

@: lethally poisoned (0 -> -9), berserk cooldown, slowed, very slow
A: unfitting armour, cold-blooded, AC +6
a: no special abilities


You were on level 4 of the Dungeon.
You were hungry.

You visited 1 branch of the dungeon, and saw 6 of its levels.

You collected 133 gold pieces.

Inventory:

Hand Weapons
 b - a +1 mace of draining
Missiles
 c - 12 arrows
Jewellery
 e - a ring of protection from fire (left hand)
 k - an uncursed ring of protection from fire
Scrolls
 f - a scroll of enchant armour {unknown}
 g - 2 scrolls of fear
 h - a scroll of identify
Potions
 d - a potion of brilliance
Comestibles
 a - 3 rations


   Skills:
 + Level 3.1 Fighting
 + Level 3.0 Dodging
 * Level 4.8 Unarmed Combat
 + Level 2.9 Spellcasting
 + Level 3.2 Transmutations


You had 4 spell levels left.
You knew the following spells:

 Your Spells              Type           Power        Failure   Level  Hunger
a - Beastly Appendage     Tmut           ##....       6%          1    #......
b - Sticks to Snakes      Tmut           ##......     10%         2    ###....
c - Spider Form           Tmut/Pois      #.........   34%         3    ###....

Your spell library contained the following spells:

 Spells                   Type           Power        Failure   Level  Hunger
 Ice Form                 Ice/Tmut       #.......     75%         4    #####..
 Blade Hands              Tmut           ##........   86%         5    ######.


Dungeon Overview and Level Annotations

Branches:
Dungeon (6/15)
 Temple: D:4-7

Altars:
Gozag
Kikubaaqudgha
Xom
Zin


Innate Abilities, Weirdness & Mutations

Your plain brown scales are hard. (AC +6)
You cannot fit into any form of body armour.
You are cold-blooded and may be slowed by cold attacks.


Message History

You kill the orc!
Your Dodging skill increases to level 3!
Your horns disappear.
* * * LOW HITPOINT WARNING * * *
You feel sick.
Things that are here:
a +0 club; 4 poisoned darts; an orc corpse You butcher the orc corpse.
You feel a strong urge to attack something.
* * * LOW HITPOINT WARNING * * *
You feel sick.
Items here: % ( ) ÷ a +0 club; 4 poisoned darts; a chunk of flesh; an orc skeleton
Items here: )) [[ † a +0 whip; a +0 ring mail; a +0 dagger; a +0 robe; an orc corpse You butcher the orc corpse.
You feel your anger nearly subside.
You are no longer berserk.
You are exhausted.
You feel yourself slow down.
You die...

.#.....##.......... #
###.....#.###...### .####$
..#...........#..## !.....
............#.##..##......
..#........##.# #.........
###.......###.###.........
.........####(.....#.....
.................(........
.........####..#@###......
..........##....)# ......
............)...## .....
..........#..#.....# ..o..
............##..##........
.......#......... ....o..
#####............. ...
#............> ..
##...........# .


There were no monsters in sight!

Vanquished Creatures
  A bullfrog (D:5)
  A crimson imp (D:5)
  An orc priest (D:3)
  2 orc wizards (D:4)
  Natasha (D:4)
  A worker ant (D:3)
  Terence (D:2)
  2 adders (D:3)
  2 oozes
  2 worms
  4 leopard geckos
  9 orcs
  5 bats
  3 giant cockroaches
  5 goblins
  5 hobgoblins
  4 jackals
  A quokka (D:3)
  A frilled lizard (D:1)
  6 kobolds
  5 rats
62 creatures vanquished.

Notes
Turn   | Place    | Note
-------+----------+-------------------------------------------
     0 | D:1      | Gadfly the Draconian Transmuter began the quest for the
                  | Orb.
     0 | D:1      | Reached XP level 1. HP: 16/16 MP: 3/3
    51 | D:1      | Reached XP level 2. HP: 23/23 MP: 3/5
    55 | D:1      | Learned a level 2 spell: Sticks to Snakes
   828 | D:2      | Noticed Terence
   833 | D:2      | Reached XP level 3. HP: 21/29 MP: 6/6
   962 | D:1      | Learned a level 3 spell: Spider Form
  1113 | D:2      | Killed Terence
  1322 | D:2      | Reached XP level 4. HP: 35/36 MP: 7/7
  1341 | D:2      | You fall into a shaft and drop 1 floor!
  1341 | D:3      | Found a glowing silver altar of Zin.
  1664 | D:3      | Reached skill level 4 in Unarmed Combat
  1990 | D:3      | Reached XP level 5. HP: 25/42 MP: 6/8
  2179 | D:3      | Found an ancient bone altar of Kikubaaqudgha.
  2305 | D:3      | You fall into a shaft and drop 3 floors!
  2305 | D:6      | Found a shimmering altar of Xom.
  2306 | D:6      | Noticed an orc warrior
  2317 | D:5      | Entered Level 5 of the Dungeon
  2561 | D:4      | Found an opulent altar of Gozag.
  2627 | D:4      | Noticed Natasha
  2631 | D:4      | Reached XP level 6. HP: 50/50 MP: 8/10
  2639 | D:4      | Killed Natasha
  2665 | D:4      | HP: 3/76 [poisoned by an orc]
  2668 | D:4      | Succumbed to an orc's poison

Illustrated notes

Levels and vault maps discovered:
D:1:      heliophobic_arrival_glass_houses, layout_rooms
D:2:      layout_rooms, uniq_robin, uniq_terence
D:3:      layout_loops_cross, kiku_gazebo_pond_becter,
          nicolae_overflow_crystal_walls, uniq_ijyb
D:4:      layout_rooms, okawaru_ov_weapons_minmay, first_ration,
          grunt_gozag_breadcrumbs, uniq_natasha
D:5:      layout_gridville
D:6:      layout_layer_cave, xom_teletrap_fun

Skill      XL: |  1  2  3  4  5  6 |
---------------+-------------------+-----
Dodging        | 2 3 |  3.0
Fighting       | 2 3 |  3.1
Unarmed Combat | 4 |  4.8
Transmutations | 3 |  3.2
Spellcasting   | |  2.9

Action                   |  1- 3 |  4- 6 || total
-------------------------+-------+-------++-------
Melee: Unarmed           |   123 |   137 ||   260
       Kick              |     5 |    13 ||    18
       Tailslap          |     8 |    11 ||    19
       Headbutt          |     5 |    12 ||    17
       Punch             |       |     2 ||     2
 Cast: Beastly Appendage |    12 |    17 ||    29
       Spider Form       |     2 |     1 ||     3
  Use: Scroll            |     4 |     1 ||     5
       Potion            |       |     4 ||     4
  Eat: Chunk             |     2 |     4 ||     6
Armor: Skin              |    42 |    41 ||    83
Dodge: Dodged            |    97 |   120 ||   217
